 Dungeon Crawl Stone Soup version 0.29-a0-323-g050149af67 (webtiles) character file.

Game seed: 12282189477452862217

991 Jortsu the Chopper (level 7, -3/54 HPs)
             Began as a Demonspawn Fighter on Apr 12, 2022.
             Was a Believer of Wu Jian.
             Slain by a two-headed ogre
             ... wielding a +0 giant club
              (21 damage)
             ... on level 5 of the Dungeon.
             The game lasted 00:07:16 (4383 turns).

Jortsu the Chopper (Demonspawn Fighter)             Turns: 4383, Time: 00:07:17

Health: -3/54      AC: 10    Str: 19    XL:     7   Next: 98%
Magic:  7/7        EV: 10    Int:  9    God:    Wu Jian [**....]
Gold:   102        SH:  9    Dex: 14    Spells: 6/6 levels left

rFire   . . .      SeeInvis .   p - +1 war axe (venom)
rCold   . . .      Faith    .   c - +0 buckler
rNeg    . . .      Spirit   .   b - +0 scale mail
rPois   .          Reflect  .   (no helmet)
rElec   .          Harm     .   (no cloak)
rCorr   .          Rampage  .   (no gloves)
Will    .....                   o - +2 pair of boots
Stlth   +.........              (no amulet)
HPRegen 0.18/turn               (no ring)
MPRegen 0.10/turn               (no ring)

@: no status effects
A: hooves 1, thin skeletal structure 1, condensation shield
a: Renounce Religion, Wall Jump


You were on level 5 of the Dungeon.
You worshipped Wu Jian.
Wu Jian was pleased with you.
You visited 1 branch of the dungeon, and saw 5 of its levels.
You also visited: Ossuary.

You collected 102 gold pieces.

Inventory:

Hand Weapons
 a - a +0 vorpal war axe
 p - a +1 war axe of venom (weapon)
Missiles
 j - 2 throwing nets (quivered)
Armour
 b - a +0 scale mail (worn)
 c - a +0 buckler (worn)
 o - a +2 pair of boots (worn)
Jewellery
 q - a ring of positive energy
Scrolls
 e - 4 scrolls of teleportation
 g - a scroll of silence
 m - 3 scrolls of identify
 s - a scroll of blinking
 t - a scroll of torment {unknown}
 w - a scroll of magic mapping
 x - a scroll of amnesia
Potions
 d - a potion of might
 f - a potion of ambrosia
 h - a potion of invisibility
 i - a potion of heal wounds
 k - 3 potions of curing
 l - 5 potions of flight
 n - 2 potions of brilliance
 r - a potion of haste
 u - a potion of mutation
 v - a potion of resistance


   Skills:
 + Level 4.2 Fighting
 + Level 5.9 Axes
 + Level 4.4 Armour
 + Level 2.2 Dodging
 + Level 0.5 Stealth
 + Level 4.2 Shields


You had 6 spell levels left.
You didn't know any spells.
Your spell library contained the following spells:

 Spells                   Type           Power      Damage    Failure   Level
 Beastly Appendage        Tmut           0%         N/A       83%         1
 Shock                    Conj/Air       0%         1d3       83%         1
 Static Discharge         Conj/Air       0%         N/A       93%         2
 Wereblood                Tmut           0%         N/A       93%         2
 Frozen Ramparts          Ice            0%         1d2       99%         3
 Ozocubu's Armour         Ice            0%         N/A       99%         3
 Spider Form              Tmut/Pois      0%         N/A       99%         3
 Swiftness                Air            0%         N/A       99%         3
 Airstrike                Air            0%         N/A       100%        4
 Dispel Undead            Necr           0%         3d6       100%        4
 Sticky Flame             Conj/Fire      0%         2d3       100%        4
 Metabolic Englaciation   Hex/Ice        0%         N/A       100%        5


Dungeon Overview and Level Annotations

Branches:
Dungeon (5/15)            Ossuary (visited)
 Temple: D:4-7

Altars:
Ashenzari
Cheibriados
Qazlal
Wu Jian
Yredelemnul

Shops:
D:1 (*(=   D:2 [


Innate Abilities, Weirdness & Mutations

You have large cloven feet.
You have a somewhat thin skeletal structure. (Dex +2, Stealth+)
A meltable shield of frost defends you. (SH +4)


Message History

There is a snail-covered altar of Cheibriados, spattered with blood here.
Items here: )) [ †.
You see here a +0 whip.
You see here a +0 whip.
You see here a +0 spear.
x - a scroll of amnesia You open the door.
There is an open door here.
You open the door.
There is an open door here.
An adder comes into view.
The adder hisses angrily.
You barely miss the adder. You block the adder's attack. x2
You barely miss the adder. The adder closely misses you.
You slash the adder!
The adder is poisoned.
The adder is almost dead.
You kill the adder!
The Council accepts your kill.
Found a stone staircase leading up.
A two-headed ogre comes into view. It is wielding two +0 giant clubs.
The two-headed ogre shouts in stereo!
You barely miss the two-headed ogre.
A jelly comes into view.
The two-headed ogre hits you with a +0 giant club!
You block the two-headed ogre's attack.
The jelly quivers.
You slash the two-headed ogre!
The two-headed ogre looks as sick as possible!
The two-headed ogre is moderately wounded.
The two-headed ogre closely misses you.
The two-headed ogre hits you with a +0 giant club!!
Ouch! That really hurt!
* * * LOW HITPOINT WARNING * * *
The two-headed ogre attacks as you move away!
You block the two-headed ogre's attack. x2
You hit the two-headed ogre but do no damage.
The two-headed ogre looks even sicker.
The two-headed ogre is severely wounded.
The two-headed ogre hits you with a +0 giant club!!
You die...

#......... #........ ##+#.......
#.........#############
#...>.....#............
#.........#............
+.........#............
#.....@...#............
#....O....#............
#.........#............
#####.........#....##+#####
#####.#.....J#####+##....#.......
......#......#......#....#.......
.<....#......#......#....#.......
......#......#......#....#.......
......#<.....#......#....#.......


You could see a two-headed ogre (very poisoned) and a jelly.

Vanquished Creatures
  A phantom (D:4)
  4 elf zombies (Ossuary)
  A howler monkey (D:4)
  8 human zombies (Ossuary)
  An orc priest (D:4)
  A gnoll shaman (D:5)
  2 iguanas
  2 orc wizards (D:4)
  3 mummies (Ossuary)
  4 adders
  7 gnolls
  2 worms
  4 dart slugs
  2 orcs
  4 bats
  4 endoplasms
  A giant cockroach (D:4)
  2 goblins
  8 hobgoblins
  8 jackals
  9 kobolds
  4 quokkas
  5 ball pythons
  2 frilled lizards
  4 rats
93 creatures vanquished.

Vanquished Creatures (others)
  2 plants (D:3)
2 creatures vanquished.

Grand Total: 95 creatures vanquished

Notes
Turn   | Place    | Note
-------+----------+-------------------------------------------
     0 | D:1      | Jortsu the Demonspawn Fighter began the quest for the Orb.
     0 | D:1      | Reached XP level 1. HP: 18/18 MP: 1/1
   134 | D:1      | Gained mutation: A meltable shield of frost defends you.
                  | (SH +4) [demonic ancestry]
   134 | D:1      | Reached XP level 2. HP: 23/24 MP: 2/2
   168 | D:1      | Found Tyjeubome's Assorted Antiques.
   174 | D:1      | Found Ypienirgh's Weapon Boutique.
   400 | D:1      | Found Doal's Weapon Boutique.
   454 | D:1      | Reached skill level 2 in Axes
   526 | D:1      | Found Ecwadum's Jewellery Shop.
  1080 | D:2      | Found Notsocum's Antique Armour Shoppe.
  1123 | D:2      | Reached XP level 3. HP: 26/29 MP: 3/3
  1298 | D:2      | Found an ornate altar of the Wu Jian Council.
  1363 | D:2      | Became a worshipper of the Wu Jian Council
  1608 | D:2      | Gained mutation: You have a somewhat thin skeletal
                  | structure. (Dex +2, Stealth+) [demonic ancestry]
  1608 | D:2      | Reached XP level 4. HP: 28/35 MP: 4/4
  1682 | D:2      | Got the Almanac of the Snowflakes
  2174 | D:3      | Reached skill level 3 in Axes
  2283 | D:3      | Found a broken altar of Ashenzari.
  2311 | D:3      | Found a stormy altar of Qazlal.
  2381 | D:3      | Reached XP level 5. HP: 41/41 MP: 5/5
  2549 | D:3      | Reached * piety under Wu Jian
  2588 | D:3      | Reached skill level 1 in Dodging
  2862 | D:4      | Noticed a phantom
  2886 | D:4      | Killed a phantom
  2887 | D:4      | Reached XP level 6. HP: 19/48 MP: 6/6
  2977 | D:4      | Found a sand-covered staircase.
  2985 | Ossuary  | Entered an ossuary
  3154 | Ossuary  | Reached skill level 4 in Axes
  3185 | Ossuary  | Gained mutation: You have large cloven feet. [demonic
                  | ancestry]
  3185 | Ossuary  | Reached XP level 7. HP: 34/53 MP: 7/7
  3404 | Ossuary  | Reached skill level 5 in Axes
  3774 | D:4      | Found a basalt altar of Yredelemnul.
  4072 | D:5      | Entered Level 5 of the Dungeon
  4074 | D:5      | Reached ** piety under Wu Jian
  4158 | D:5      | Found a snail-covered altar of Cheibriados.
  4363 | D:5      | Noticed a two-headed ogre
  4383 | D:5      | Slain by a two-headed ogre

Illustrated notes

Levels and vault maps discovered:
D:1:      giann_bridges, layout_basic, serial_shops, shop,
          nicolae_shop_behind_doors, shop, nicolae_shop_bloodbath_and_beyond
D:2:      layout_rooms, basic_altar, serial_shops, nicolae_shop_hallway_plus
D:3:      cheibrodos_helix_gallery, layout_loops_ring, grunt_qazlal_sundering,
          old_standard_altar, serial_forest, infiniplex_forest_clump_curved,
          infiniplex_forest_clump_small, infiniplex_forest_corner_2,
          infiniplex_forest_lined_2, infiniplex_forest_lined_1,
          infiniplex_forest_zigzag_2
D:4:      layout_basic, mainiacjoe_overflow_concentric_impassable,
          lightli_ossuary_entry_decrepit_ruins
D:5:      layout_gridville, lemuel_crystal_altar, minivault_24,
          minmay_joined_circles

Skill      XL: |  1  2  3  4  5  6  7 |
---------------+----------------------+-----
Shields        | 3 4 |  4.2
Axes           | 2 3 4 5 |  5.9
Armour         | 3 4 |  4.4
Dodging        | 1 2 |  2.2
Fighting       | 4 |  4.2
Stealth        | |  0.5

Action                   |  1- 3 |  4- 6 |  7- 9 || total
-------------------------+-------+-------+-------++-------
Melee: War axe           |    91 |   170 |   140 ||   401
Invok: Lunge             |       |     3 |     5 ||     8
       Whirlwind         |       |       |     2 ||     2
  Use: Scroll            |     7 |     5 |     5 ||    17
 Stab: Sleeping          |       |     1 |     2 ||     3
Armor: Scale mail        |    55 |    61 |    33 ||   149
Dodge: Dodged            |    55 |    46 |    36 ||   137
Block: Buckler           |    67 |    63 |    49 ||   179

Table legend: (Time is in decaauts)
 A = Elapsed time spent in this place.
 B = Non-inter-level travel time spent in this place.
 C = Inter-level travel time spent in this place.
 D = Time resting spent in this place.
 E = Time spent auto-exploring this place.
 F = Levels seen in this place.
 G = Mean time per level.
                   A        B        C        D        E       F      G
               +--------+--------+--------+--------+--------+-----+--------+
         Total |   4529 |   4449 |     80 |    675 |   2598 |   6 |  754.8 |
       Dungeon |   3805 |   3725 |     80 |    247 |   2578 |   5 |  761.0 |
       Ossuary |    723 |    723 |      0 |    428 |     20 |   1 |  723.0 |
               +--------+--------+--------+--------+--------+-----+--------+

Top non-repeatable levels by time:
     D:1: 1108 daAuts
     D:3: 870 daAuts
     D:2: 815 daAuts
 Ossuary: 723 daAuts
     D:4: 695 daAuts
     D:5: 316 daAuts
